 Dungeon Crawl Stone Soup version 0.22-a0-525-gf69a080 (webtiles) character file.

3028 stealthycow the Basher (level 9, 0/57 HPs)
             Began as a Gargoyle Fighter on June 21, 2018.
             Killed from afar by an orc wizard (8 damage)
             ... with a magic dart
             ... on level 7 of the Dungeon.
             The game lasted 00:16:02 (7412 turns).

stealthycow the Basher (Gargoyle Fighter)           Turns: 7412, Time: 00:16:02

Health: 0/57       AC: 32    Str: 22    XL:     9   Next: 86%
Magic:  9/9        EV:  5    Int: 10    God:
Gold:   340        SH: 10    Dex:  9    Spells: 8/8 levels left

rFire    . . .     SeeInvis .   g - -1 hand crossbow (curse)
rCold    . . .     Gourm    .   c - +0 shield
rNeg     + . .     Faith    .   m - +9 plate armour {ponderous}
rPois    ∞         Spirit   .   k - +0 helmet
rElec    +         Reflect  .   h - +1 cloak
rCorr    .         Harm     .   (no gloves)
MR       .....                  (no boots)
Stlth    ..........             (no amulet)
HPRegen  0.19/turn              (no ring)
MPRegen  0.11/turn              (no ring)

@: starving, slow
A: negative energy resistance 1, electricity resistance, unbreathing,
petrification resistance, rot immunity, AC +6
a: no special abilities


You were on level 7 of the Dungeon.
You were starving.

You visited 1 branch of the dungeon, and saw 7 of its levels.

You collected 340 gold pieces.

Inventory:

Hand Weapons
 a - a +1 flail
 g - a cursed -1 hand crossbow (weapon)
 y - a +2 whip of freezing
Missiles
 o - 12 bolts (quivered)
Armour
 c - a +0 shield (worn)
 h - a +1 cloak (worn)
 k - a +0 helmet (worn)
 m - a +9 plate armour of ponderousness (worn)
Jewellery
 s - an uncursed ring of see invisible {unknown}
Wands
 p - a wand of flame (42)
 q - a wand of digging (11)
 t - a wand of iceblast (9)
Scrolls
 i - 3 scrolls of teleportation
Potions
 d - 4 potions of might
 e - a potion of berserk rage {unknown}
 j - 2 potions of heal wounds
 n - 4 potions of curing
 r - a potion of ambrosia {unknown}
 u - a potion of degeneration {unknown}
 v - a potion of flight {unknown}
 x - a potion of brilliance {unknown}
Comestibles
 f - 6 rations


   Skills:
 + Level 7.3 Fighting
 * Level 8.8 Maces & Flails
 + Level 7.3 Armour
 + Level 7.3 Shields


You had 8 spell levels left.
You didn't know any spells.
Your spell library was empty.

Dungeon Overview and Level Annotations

Branches:
Dungeon (7/15)
 Temple: D:4-7

Altars:
Ashenzari
Dithmenos
Qazlal
Ru


Innate Abilities, Weirdness & Mutations

You are resistant to torment.
Your stone body is resilient. (AC +6)
You are immune to poison.
You resist negative energy. (rN+)
You are resistant to electric shocks. (rElec)
You can survive without breathing.
You are immune to petrification.
You are immune to rotting.


Message History

The orc wizard hits you but does no damage.
You block the giant cockroach's attack.
You clumsily bash the giant cockroach but do no damage.
The human hits you but does no damage. You block the orc wizard's attack.
The adder bites you but does no damage.
The orc wizard gestures wildly while chanting.
The orc wizard flickers and vanishes!
Deactivating autopickup; reactivate with Ctrl-A.
The giant cockroach bites you but does no damage.
The human barely misses you. The orc wizard casts a spell at you.
The magic dart hits you! The adder bites you but does no damage.
You closely miss the giant cockroach.
The giant cockroach bites you but does no damage.
The orc wizard hits you but does no damage.
You block the adder's attack. The human barely misses you.
The giant cockroach barely misses you.
The orc wizard points at you and mumbles some strange words.
The magic dart hits you!
You die... ##### #.[.# #...# #.p.# #.# #@s{# #.# #oSa#

#.# #po.# #.# #...#
#.# #####...####.#
..........p.>#########
#.....................
#.##########.####.....
# #......o.........


You could see 2 humans, a worker ant, an orc wizard, an adder, an orc and a
giant cockroach.

Vanquished Creatures
  Pikel (D:3)
  Grinder (D:4)
  Duvessa (D:4)
  A water moccasin (D:5)
  An orc warrior (D:6)
  3 ogres
  3 phantoms
  2 centaurs
  A crocodile (D:7)
  A big kobold (D:7)
  Blork the orc (D:4)
  2 bullfrogs (D:6)
  Dowan (D:4)
  5 crimson imps
  A hound (D:5)
  4 orc priests
  5 orc wizards
  Ijyb (D:4)
  2 iguanas
  2 worker ants (D:5)
  Natasha (thrice) (D:4)
  A worker ant zombie (D:6)
  6 adders
  5 gnolls
  3 oozes
  An adder zombie (D:2)
  2 adder skeletons
  4 worms
  4 dart slugs
  2 leopard geckos
  17 orcs
  4 ball pythons
  7 bats
  6 giant cockroaches
  7 goblins
  9 hobgoblins
  13 jackals
  9 kobolds
  A quokka (D:6)
  10 frilled lizards
  8 rats
161 creatures vanquished.

Vanquished Creatures (others)
  Edmund (D:4)
1 creature vanquished.

Grand Total: 162 creatures vanquished

Notes
Turn   | Place    | Note
-------+----------+-------------------------------------------
     0 | D:1      | stealthycow the Gargoyle Fighter began the quest for the Orb.
     0 | D:1      | Reached XP level 1. HP: 14/14 MP: 1/1
    40 | D:1      | Reached XP level 2. HP: 11/19 MP: 2/2
   302 | D:1      | Reached XP level 3. HP: 23/23 MP: 3/3
  1029 | D:2      | Reached skill level 3 in Maces & Flails
  1097 | D:2      | Reached XP level 4. HP: 29/29 MP: 4/4
  1620 | D:2      | Reached XP level 5. HP: 16/33 MP: 5/5
  2040 | D:3      | Reached skill level 4 in Maces & Flails
  2046 | D:3      | Reached XP level 6. HP: 18/38 MP: 6/6
  2247 | D:3      | Found a sacrificial altar of Ru.
  2981 | D:4      | Noticed Natasha
  2993 | D:4      | Killed Natasha
  3074 | D:4      | Noticed Grinder
  3076 | D:4      | Noticed Natasha
  3105 | D:4      | Paralysed by Grinder for 2 turns
  3119 | D:4      | Paralysed by Grinder for 7 turns
  3145 | D:4      | Killed Grinder
  3145 | D:4      | Reached skill level 5 in Maces & Flails
  3145 | D:4      | Reached XP level 7. HP: 26/44 MP: 7/7
  3156 | D:4      | Killed Natasha
  3326 | D:4      | Noticed Ijyb
  3331 | D:4      | Noticed Duvessa
  3337 | D:4      | Killed Ijyb
  3337 | D:4      | Reached skill level 5 in Armour
  3338 | D:4      | Noticed Dowan
  3354 | D:4      | Killed Duvessa
  3354 | D:4      | Reached skill level 5 in Fighting
  3354 | D:4      | Reached skill level 5 in Shields
  3364 | D:4      | Killed Dowan
  3550 | D:4      | Reached skill level 6 in Maces & Flails
  3550 | D:4      | Reached XP level 8. HP: 17/50 MP: 8/8
  3909 | D:4      | Found a shattered altar of Ashenzari.
  4108 | D:4      | Noticed Blork the orc
  4127 | D:4      | Killed Blork the orc
  4333 | D:4      | Noticed Natasha
  4354 | D:4      | Killed Natasha
  4478 | D:4      | Noticed Pikel
  4516 | D:3      | Killed Pikel
  4516 | D:3      | Reached skill level 7 in Maces & Flails
  4631 | D:4      | Noticed Edmund
  4649 | D:4      | Killed Edmund
  4649 | D:4      | Reached XP level 9. HP: 56/56 MP: 9/9
  4797 | D:5      | Entered Level 5 of the Dungeon
  4981 | D:5      | Found a shadowy altar of Dithmenos.
  5620 | D:5      | Reached skill level 8 in Maces & Flails
  6090 | D:6      | Found a stormy altar of Qazlal.
  7412 | D:7      | Killed from afar by an orc wizard

Vault maps used:
D:1:      dpeg_arrival_houses_and_road
D:2:      serial_undead, serial_undead_b, serial_undead_c, serial_undead_b,
          serial_undead_f, minmay_ruptured
D:3:      nicolae_ru_path_of_blood
D:4:      lemuel_tele_altar, uniq_natasha, uniq_blork_the_orc, uniq_edmund,
          uniq_grinder, uniq_ijyb, uniq_duvessa, uniq_pikel
D:5:      minmay_temple_entry_from_below_b, first_ration,
          nicolae_dithmenos_the_darkroom
D:6:      nicolae_qazlal_general_emergency
D:7:      minitemple, minmay_ruffians

Skill      XL: |  1  2  3  4  5  6  7  8  9 |
---------------+----------------------------+-----
Maces & Flails | 3 4 5 6 7 8 |  8.8
Fighting       | 4 5 6 7 |  7.3
Armour         | 4 5 6 7 |  7.3
Shields        | 4 5 6 7 |  7.3

Action                   |  1- 3 |  4- 6 |  7- 9 || total
-------------------------+-------+-------+-------++-------
Melee: Flail             |   119 |   243 |   514 ||   876
       Whip              |       |       |    20 ||    20
       Hand crossbow     |       |       |   413 ||   413
 Fire: Hand crossbow     |       |       |    12 ||    12
  Use: Scroll            |       |       |    10 ||    10
  Eat: Chunk             |     1 |     7 |    11 ||    19
       Ration            |       |       |     1 ||     1
Armor: Scale mail        |    72 |   146 |       ||   218
       Chain mail        |       |    75 |   305 ||   380
       Plate armour      |       |       |   889 ||   889
Dodge: Dodged            |    46 |    95 |   369 ||   510
Block: Shield            |    64 |   167 |   868 ||  1099

Table legend:
 A = Spawn XP
 B = Non-spawn XP
 C = Spawn XP percentage of total XP
 D = Spawn monster count
 E = Non-spawn monster count
 F = Spawn count percentage of total count
 G = Total turns spent on level
                    A         B        C        D         E        F      G
               +---------+---------+-------+---------+---------+-------+---------
         Total |       0 |    4327 |   0.0 |       0 |     162 |   0.0 |  7412
               +---------+---------+-------+---------+---------+-------+---------
           D:1 |       0 |      67 |   0.0 |       0 |      29 |   0.0 |   953
           D:2 |       0 |     170 |   0.0 |       0 |      40 |   0.0 |  1166
           D:3 |       0 |     816 |   0.0 |       0 |      20 |   0.0 |   953
           D:4 |       0 |    1355 |   0.0 |       0 |      27 |   0.0 |  1725
           D:5 |       0 |     808 |   0.0 |       0 |      20 |   0.0 |  1012
           D:6 |       0 |     713 |   0.0 |       0 |      15 |   0.0 |   825
           D:7 |       0 |     398 |   0.0 |       0 |      11 |   0.0 |   778
               +---------+---------+-------+---------+---------+-------+---------
